 Dungeon Crawl Stone Soup version 0.24-a0-346-ge062c78e24 (webtiles) character file.

Game seed: 10133055900305903195

2027 Geomchi the Transmogrifier (level 9, -7/71 HPs)
             Began as a Merfolk Transmuter on May 22, 2019.
             Was a Believer of Cheibriados.
             Killed from afar by a deep elf mage (29 damage)
             ... with a bolt of cold
             ... on level 7 of the Dungeon.
             The game lasted 00:10:02 (10042 turns).

Geomchi the Transmogrifier (Merfolk Transmuter)    Turns: 10042, Time: 00:10:02

Health: -7/71      AC:  3    Str: 15    XL:     9   Next: 23%
Magic:  12/12      EV: 13    Int: 19    God:    Cheibriados [**....]
Gold:   323        SH:  0    Dex: 18    Spells: 4/12 levels left

rFire    . . .     SeeInvis .     - Unarmed
rCold    . . .     Gourm    .   (no shield)
rNeg     . . .     Faith    .   b - +0 robe
rPois    .         Spirit   .   (no helmet)
rElec    .         Reflect  .   o - +0 cloak
rCorr    .         Harm     .   (no gloves)
MR       .....                  (no boots)
Stlth    ++........             n - amulet of inaccuracy
HPRegen  0.21/turn              t - ring of flight
MPRegen  0.13/turn              (no ring)

@: very slow
A: change form in water, swift swim, stealthy swim
a: Bend Time, Renounce Religion, Evoke Flight


You were on level 7 of the Dungeon.
You worshipped Cheibriados.
Cheibriados was pleased with you.
You were hungry.

You visited 2 branches of the dungeon, and saw 8 of its levels.
You also visited: Sewer.

You collected 323 gold pieces.

Inventory:

Missiles
 a - 170 arrows
Armour
 b - a +0 robe (worn)
 o - a +0 cloak (worn)
Jewellery
 n - an amulet of inaccuracy (around neck)
 p - an uncursed ring of fire
 t - a ring of flight (left hand)
 x - an uncursed ring of fire
Wands
 y - a wand of acid (3)
Scrolls
 c - a scroll of magic mapping
 i - a scroll of immolation {unknown}
 l - a scroll of random uselessness {unknown}
 m - a scroll of teleportation
 q - 4 scrolls of identify {unknown}
 r - a scroll of enchant armour {unknown}
 s - 2 scrolls of fog {unknown}
 v - a scroll of remove curse
Potions
 e - a potion of lignification
 f - 3 potions of heal wounds {unknown}
 g - a potion of might {unknown}
 h - 2 potions of degeneration {unknown}
 j - 4 potions of haste {unknown}
 k - 2 potions of mutation {unknown}
 u - 2 potions of flight {unknown}
Comestibles
 d - 11 rations
 w - 2 chunks of flesh {@w0}


   Skills:
 + Level 6.7 Fighting
 - Level 2.6 Dodging
 + Level 7.5 Unarmed Combat
 - Level 2.0 Spellcasting
 + Level 8.4 Transmutations
 - Level 5.5 Ice Magic


You had 4 spell levels left.
You knew the following spells:

 Your Spells              Type           Power        Failure   Level  Hunger
a - Beastly Appendage     Tmut           ####..       1%          1    #......
b - Spider Form           Tmut/Pois      ###.......   9%          3    ###....
c - Ice Form              Ice/Tmut       ####....     10%         4    #####..

Your spell library contained the following spells:

 Spells                   Type           Power        Failure   Level  Hunger
 Sticks to Snakes         Tmut           ####....     1%          2    ###....
 Blade Hands              Tmut           ####......   14%         5    ######.


Dungeon Overview and Level Annotations

Branches:
Dungeon (7/15)             Temple (1/1) D:4

Altars:
Ashenzari
Cheibriados
Dithmenos
Elyvilon
Fedhas
Gozag
Hepliaklqana
Kikubaaqudgha
Makhleb
Nemelex Xobeh
Okawaru
Qazlal
Ru
Sif Muna
Trog
Uskayaw
Vehumet
Wu Jian
Xom
Yredelemnul
Zin
The Shining One

Shops:
D:5 }


Message History

There isn't anything here!
Okay, then.
You're too confused to cast spells.
There isn't anything here!
The ice beast misses you. x2; The orc wizard completely misses you.
The ice beast hits you. The ice beast freezes you!
You take 14 damage, and have 31/71 hp.
The ice beast disappears in a puff of smoke!
The ice beast misses you. The orc completely misses you.
You barely miss the ice beast.
The deep elf mage casts a spell.
The ice beast hits you but does no damage.
The ice beast hits you. The ice beast freezes you.
The orc wizard hits you with a +0 dagger.
The orc closely misses you.
You take 9 damage, and have 22/71 hp.
You feel less confused.
The deep elf mage points at you and mumbles some strange words.
The bolt of cold hits you!!
You die...

.......................
######...........#####
######..............Y#
#................[##e#
..................##.#
........[.........##.#
.####.........o..###.#
.####.........Y......#
.............oYe@....#
..####...........###.#
..<..'..........Y'.....
...#.#..........[###.###
...# #...........# #.#
.................# #.#
..........#####... .#
..........
....##.#....... ......
#.#.......


You could see a deep elf mage, 3 ice beasts, an orc wizard and an orc.

Vanquished Creatures
  Menkaure (D:7)
  An ice beast (D:5)
  Duvessa (D:5)
  2 orc warriors (D:7)
  A sky beast (D:6)
  A phantom (D:5)
  2 centaurs
  3 big kobolds (Sewer)
  2 bullfrogs
  Dowan (D:5)
  A crimson imp (D:6)
  A hound (D:5)
  A bullfrog skeleton (D:5)
  4 orc priests
  A gnoll shaman (D:5)
  An iguana (D:5)
  3 orc wizards (D:7)
  2 worker ants
  2 hound zombies (D:5)
  4 gnolls (D:5)
  15 adders
  3 river rats (Sewer)
  A shadow imp (D:6)
  4 oozes
  8 worms
  An adder zombie (D:5)
  4 leopard geckos
  20 orcs
  3 giant cockroaches
  3 goblins
  8 hobgoblins
  3 jackals (D:3)
  2 quokkas
  7 ball pythons
  9 bats
  5 frilled lizards
  9 kobolds
  2 leopard gecko skeletons
  8 rats
150 creatures vanquished.

Vanquished Creatures (others)
  A human (D:2)
1 creature vanquished.

Grand Total: 151 creatures vanquished

Notes
Turn   | Place    | Note
-------+----------+-------------------------------------------
     0 | D:1      | Geomchi the Merfolk Transmuter began the quest for the Orb.
     0 | D:1      | Reached XP level 1. HP: 15/15 MP: 3/3
   322 | D:1      | Reached skill level 3 in Transmutations
   328 | D:1      | Reached XP level 2. HP: 14/21 MP: 5/5
  1228 | D:2      | Reached XP level 3. HP: 19/27 MP: 4/6
  1264 | D:1      | Learned a level 3 spell: Spider Form
  1584 | D:2      | Reached XP level 4. HP: 24/34 MP: 3/7
  1694 | D:2      | Reached skill level 4 in Transmutations
  1984 | D:2      | Found an ancient bone altar of Kikubaaqudgha.
  1985 | D:2      | Noticed a bullfrog
  1987 | D:2      | Noticed a human
  1989 | D:2      | Killed a human
  1994 | D:2      | Killed a bullfrog
  1994 | D:2      | Reached XP level 5. HP: 22/41 MP: 1/8
  2058 | D:2      | Learned a level 4 spell: Ice Form
  2467 | D:3      | Found a glowing drain.
  2640 | Sewer    | Entered a sewer
  2796 | Sewer    | Noticed a big kobold
  2813 | Sewer    | Killed a big kobold
  2813 | Sewer    | Reached skill level 5 in Transmutations
  2813 | Sewer    | Reached skill level 1 in Ice Magic
  2813 | Sewer    | Reached XP level 6. HP: 22/47 MP: 6/9
  3438 | Sewer    | Reached skill level 5 in Unarmed Combat
  3927 | Sewer    | Reached XP level 7. HP: 28/54 MP: 6/10
  5119 | D:4      | Found a staircase to the Ecumenical Temple.
  5133 | Temple   | Entered the Ecumenical Temple
  5758 | Temple   | Became a worshipper of Cheibriados the Contemplative
  6123 | D:4      | Found a deep blue altar of Sif Muna.
  6235 | D:5      | Entered Level 5 of the Dungeon
  6287 | D:5      | Noticed Duvessa
  6289 | D:5      | Noticed Dowan
  6294 | D:5      | Killed Duvessa
  6294 | D:5      | Reached skill level 6 in Transmutations
  6301 | D:5      | Killed Dowan
  6476 | D:5      | Reached skill level 5 in Fighting
  6476 | D:5      | Reached XP level 8. HP: 9/62 MP: 9/11
  7318 | D:5      | Reached * piety under Cheibriados
  7321 | D:5      | Reached skill level 7 in Transmutations
  7675 | D:5      | Found Tougorall's Gadget Emporium.
  8228 | D:6      | Found an opulent altar of Gozag.
  8462 | D:6      | Reached skill level 5 in Ice Magic
  8959 | D:7      | Noticed a deep elf mage
  9245 | D:7      | Reached XP level 9. HP: 69/69 MP: 8/12
  9249 | D:7      | Reached skill level 8 in Transmutations
  9402 | D:7      | Noticed Menkaure
  9408 | D:7      | HP: 2/84 [Menkaure (21)]
  9411 | D:7      | Killed Menkaure
  9750 | D:7      | Reached ** piety under Cheibriados
 10042 | D:7      | Killed from afar by a deep elf mage

Levels and vault maps discovered:
D:1:      scummos_arrival_checkerplants, layout_loops_ring
D:2:      layout_rooms, first_ration, tgw_kikubaaqudgha
D:3:      layout_basic, cheibrodos_sewer_entry_drain,
          chequers_serial_rivers_small_b
D:4:      layout_rooms, lemuel_coloured_pillars_altar,
          minmay_temple_entry_proselytizer, grunt_ministairs_5,
          kennysheep_path_1
D:5:      layout_loops_corners, serial_shops, kennysheep_mini_moat,
          kennysheep_potato, uniq_duvessa
D:6:      layout_cave_pools, minmay_strange_pillars, grunt_gozag_breadcrumbs
D:7:      layout_basic, the_bakery, minmay_fire_ice_demons, uniq_menkaure
Temple:   nicolae_temple_the_god_donut

Skill      XL: |  1  2  3  4  5  6  7  8  9 |
---------------+----------------------------+-----
Transmutations | 3 4 5 6 7 8 |  8.4
Fighting       | 2 3 4 5 6 |  6.7
Unarmed Combat | 4 5 6 7 |  7.5
Ice Magic      | 1 2 3 5 |  5.5
Dodging        | |  2.6
Spellcasting   | |  2.0

Action                   |  1- 3 |  4- 6 |  7- 9 || total
-------------------------+-------+-------+-------++-------
Melee: Unarmed           |    91 |   227 |   276 ||   594
       Headbutt          |     4 |       |       ||     4
       Tailslap          |       |     3 |       ||     3
       Punch             |       |       |     2 ||     2
 Cast: Beastly Appendage |    18 |     1 |     1 ||    20
       Spider Form       |     4 |    22 |    12 ||    38
       Ice Form          |       |       |    21 ||    21
Evoke: Wand              |       |       |     4 ||     4
  Use: Potion            |     2 |     1 |     2 ||     5
       Scroll            |       |       |     3 ||     3
 Stab: Sleeping          |     3 |       |     1 ||     4
  Eat: Chunk             |     3 |    11 |    16 ||    30
       Ration            |       |       |     2 ||     2
Armor: Robe              |    10 |     4 |    13 ||    27
       Skin              |     6 |     9 |    66 ||    81
Dodge: Dodged            |    53 |   197 |   217 ||   467

Table legend:
 A = Non-vault XP
 B = Vault XP
 C = Vault XP percentage of total XP
 D = Non-vault monster count
 E = Vault monster count
 F = Vault count percentage of total count
                 A         B        C        D         E       F
            +---------+---------+-------+---------+---------+-------
      Total |    1914 |     983 |  33.9 |     112 |      38 |  25.3
            +---------+---------+-------+---------+---------+-------
        D:1 |      32 |       0 |   0.0 |      18 |       0 |   0.0
        D:2 |     163 |       0 |   0.0 |      20 |       0 |   0.0
        D:3 |      52 |       6 |  10.3 |      19 |       2 |   9.5
        D:4 |      24 |      57 |  70.4 |       9 |       3 |  25.0
        D:5 |     685 |     282 |  29.2 |      20 |       4 |  16.7
        D:6 |     440 |       0 |   0.0 |       8 |       0 |   0.0
        D:7 |     518 |     172 |  24.9 |      18 |       1 |   5.3
      Sewer |       0 |     466 | 100.0 |       0 |      28 | 100.0
            +---------+---------+-------+---------+---------+-------
